 Dungeon Crawl Stone Soup version 0.28-a0-616-gdeb3d7f7b4 (webtiles) character file.

Game seed: 13335548267799684599

97 KristoblXynda the Slasher (level 4, -4/38 HPs)
             Began as a Draconian Gladiator on Oct 6, 2021.
             Slain by a kobold brigand (16 damage)
             ... in a sewer.
             The game lasted 00:03:24 (2949 turns).

KristoblXynda the Slasher (Draconian Gladiator)     Turns: 2949, Time: 00:03:24

Health: -4/38      AC:  6    Str: 16    XL:     4   Next: 42%
Magic:  4/4        EV: 12    Int: 10    God:
Gold:   171        SH:  0    Dex: 12    Spells: 3/3 levels left

rFire   + . .      SeeInvis .   a - +0 long sword
rCold   + . .      Faith    .   (no shield)
rNeg    . . .      Spirit   .   (armour unavailable)
rPois   .          Reflect  .   b - +0 hat
rElec   .          Harm     .   i - scarf {rC+ rF+}
rCorr   .          Rampage  .   l - +0 pair of gloves
Will    .....                   (no boots)
Stlth   +.........              (no amulet)
HPRegen 0.12/turn               (no ring)
MPRegen 0.09/turn               (no ring)

@: no status effects
A: AC +5, unfitting armour, cold-blooded
a: no special abilities


You were in a sewer.
You visited 1 branch of the dungeon, and saw 3 of its levels.
You also visited: Sewer.

You collected 171 gold pieces.

Inventory:

Hand Weapons
 a - a +0 long sword (weapon)
Missiles
 c - 3 throwing nets (quivered)
Armour
 b - a +0 hat (worn)
 i - a scarf of resistance (worn)
 l - a +0 pair of gloves (worn)
Scrolls
 f - 3 scrolls of teleportation
 k - a scroll of magic mapping {unknown}
 m - a scroll of enchant weapon {unknown}
 n - a scroll of enchant armour {unknown}
Potions
 d - a potion of ambrosia
 e - a potion of degeneration {unknown}
 g - a potion of magic {unknown}
 h - a potion of brilliance {unknown}
 j - a potion of cancellation {unknown}


   Skills:
 + Level 3.2 Fighting
 + Level 3.7 Long Blades
 + Level 2.5 Throwing
 + Level 3.2 Dodging


You had 3 spell levels left.
You didn't know any spells.
Your spell library was empty.

Dungeon Overview and Level Annotations

Branches:
Dungeon (3/15)              Sewer (1/1)

Altars:


Innate Abilities, Weirdness & Mutations

Your plain brown scales are hard. (AC +5)
You cannot fit into any form of body armour.
You are cold-blooded and may be slowed by cold attacks.


Message History

The kobold brigand throws a poisoned dart.
The poisoned dart misses you.
The kobold brigand throws a poisoned dart.
The poisoned dart hits you!
You are poisoned.
You feel very sick.
You barely miss the kobold brigand.
You feel sick. The kobold brigand barely misses you.
You slash the kobold brigand!
The kobold brigand is moderately wounded.
You feel sick. The kobold brigand barely misses you.
You miss the kobold brigand.
Your tail-slap misses the kobold brigand.
The kobold brigand is moderately wounded.
You feel sick.
The kobold brigand hits you but does no damage.
You hit the kobold brigand but do no damage.
The kobold brigand is moderately wounded.
You feel sick. The kobold brigand barely misses you.
You hit the kobold brigand.
The kobold brigand is heavily wounded.
You feel sick. The kobold brigand closely misses you.
The kobold brigand hits you with a +0 dagger of electrocution.
You hit the kobold brigand.
The kobold brigand is heavily wounded.
You feel sick.
You are no longer poisoned.
The kobold brigand hits you but does no damage.
You completely miss the kobold brigand.
The kobold brigand is heavily wounded.
The kobold brigand barely misses you.
You hit the kobold brigand. You tail-slap the kobold brigand.
The kobold brigand is severely wounded.
The kobold brigand hits you with a +0 dagger of electrocution.
You are electrocuted!
You hit the kobold brigand.
The kobold brigand is almost dead.
The kobold brigand hits you with a +0 dagger of electrocution.
You are electrocuted!
You die...

##†## ##≈## ##≈.≈##
##≈≈.## #
#.≈...####..≈≈≈#####
#.....≈≈≈≈....≈≈≈≈≈≈
#..≈..####.≈...#####
##..≈## ##≈..## #
##.## ##≈## #.# #≈#
#@# #≈# #K# #≈# #K.
... ≈?.# .. ..!.
#...## ##.## ###


You could see 2 kobold brigands.

Vanquished Creatures
  2 adders
  2 river rats (D:3)
  A worm (Sewer)
  2 dart slugs
  2 orcs (D:3)
  4 ball pythons
  3 endoplasms
  3 goblins
  4 hobgoblins
  5 quokkas
  4 bats
  4 frilled lizards
  9 kobolds
  7 rats
52 creatures vanquished.

Notes
Turn   | Place    | Note
-------+----------+-------------------------------------------
     0 | D:1      | KristoblXynda the Draconian Gladiator began the quest for
                  | the Orb.
     0 | D:1      | Reached XP level 1. HP: 17/17 MP: 1/1
   656 | D:1      | Reached XP level 2. HP: 22/22 MP: 2/2
   759 | D:1      | Found a faded altar of an unknown god.
  2110 | D:3      | Reached XP level 3. HP: 23/30 MP: 3/3
  2337 | D:3      | Reached XP level 4. HP: 9/38 MP: 4/4
  2392 | D:3      | Found a glowing drain.
  2396 | Sewer    | Entered a sewer
  2937 | Sewer    | Noticed a kobold brigand
  2938 | Sewer    | Noticed a kobold brigand
  2949 | Sewer    | Slain by a kobold brigand

Illustrated notes

Levels and vault maps discovered:
D:1:      erik_arrival_cave_to_civilisation [erik_arrival_cave_to_temple],
          layout_basic, shapermc_ecumenical_altar_venn
D:2:      layout_basic
D:3:      layout_basic, gup_sewer_entry_bowl, lemuel_flame_loot_1
Sewer:    sewer_co_15_rooms

Skill      XL: |  1  2  3 |
---------------+----------+-----
Throwing       | 2 |  2.5
Dodging        | 3 |  3.2
Fighting       | 3 |  3.2
Long Blades    | |  3.7

Action                   |  1- 3 |  4- 6 || total
-------------------------+-------+-------++-------
Melee: Short sword       |    23 |       ||    23
       Long sword        |    89 |    59 ||   148
       Tailslap          |     7 |     4 ||    11
  Use: Scroll            |     5 |       ||     5
 Stab: Sleeping          |     1 |       ||     1
Armor: Skin              |    26 |    17 ||    43
Dodge: Dodged            |    77 |    32 ||   109

Table legend: (Time is in decaauts)
 A = Elapsed time spent in this place.
 B = Non-inter-level travel time spent in this place.
 C = Inter-level travel time spent in this place.
 D = Time resting spent in this place.
 E = Time spent auto-exploring this place.
 F = Levels seen in this place.
 G = Mean time per level.
                   A        B        C        D        E       F      G
               +--------+--------+--------+--------+--------+-----+--------+
         Total |   3016 |   2898 |    118 |    458 |   1789 |   4 |  754.0 |
       Dungeon |   2418 |   2300 |    118 |    301 |   1503 |   3 |  806.0 |
         Sewer |    598 |    598 |      0 |    157 |    286 |   1 |  598.0 |
               +--------+--------+--------+--------+--------+-----+--------+

Top non-repeatable levels by time:
     D:1: 1368 daAuts
     D:2: 733 daAuts
   Sewer: 598 daAuts
     D:3: 316 daAuts
